 Dungeon Sprint DCSS version 0.21.1-1-g345015fe64 (webtiles) character file.

500 Groucho the Cleaver (level 7, 0/41 HPs)
             Began as a Gargoyle Fighter on Apr 16, 2018.
             Was a Believer of Cheibriados.
             Slain by a two-headed ogre
             ... wielding a +0 giant club
              (2 damage)
             ... in the Dungeon (Sprint IX: "|||||||||||||||||||||||||||||").
             The game lasted 00:11:18 (219 turns).

Groucho the Cleaver (Gargoyle Fighter)               Turns: 219, Time: 00:11:19

Health: 0/41       AC: 18    Str: 23    XL:     7   Next: 16%
Magic:  13/13      EV:  7    Int: 13    God:    Cheibriados [**....]
Gold:   0          SH: 10    Dex: 18    Spells: 6/6 levels left

rFire    . . .     SeeInvis .   p - +3 war axe (chop)
rCold    . . .     Gourm    .   c - +0 shield
rNeg     + . .     Faith    .   r - +1 scale mail
rPois    ∞         Spirit   .   a - +0 helmet
rElec    +         Reflect  .   q - +0 cloak
rCorr    .         Harm     .   (no gloves)
MR       .....     NoTele   +   (no boots)
Stlth    ..........             (no amulet)
HPRegen  0.13/turn              s - +3 ring of dexterity
MPRegen  0.13/turn              t - +2 ring of protection

@: very slightly contaminated, invisible, very slow
A: negative energy resistance 1, electricity resistance, unbreathing,
petrification resistance, rot immunity, AC +4
a: Bend Time, Renounce Religion


You were in the Dungeon.
You worshipped Cheibriados.
Cheibriados was pleased with you.
You were not hungry.

You visited 1 branch

Inventory:

Hand Weapons
 b - a +2 morningstar of crushing
 p - a +3 war axe of chopping (weapon)
Armour
 a - a +0 helmet (worn)
 c - a +0 shield (worn)
 q - a +0 cloak (worn)
 r - a +1 scale mail (worn)
Jewellery
 s - a +3 ring of dexterity (left hand)
 t - a +2 ring of protection (right hand)
Wands
 o - a wand of acid (10)
Scrolls
 k - 2 scrolls of blinking
 m - 3 scrolls of remove curse
 n - 2 scrolls of amnesia
Potions
 d - a potion of might
 e - 5 potions of curing
 i - 4 potions of magic
Comestibles
 f - a ration


   Skills:
 - Level 3.2 Fighting
 + Level 9.8 Axes
 - Level 8.0 Armour
 - Level 3.2 Shields
 + Level 8.9 Invocations


You had 6 spell levels left.
You didn't know any spells.

Dungeon Overview and Level Annotations

Branches:
Dungeon (1/1)

Altars:
Cheibriados
Dithmenos
Elyvilon
Fedhas
Gozag
Hepliaklqana
Kikubaaqudgha
Makhleb
Nemelex Xobeh
Okawaru
Qazlal
Ru
Sif Muna
Trog
Uskayaw
Vehumet
Wu Jian
Xom
Yredelemnul
Zin
The Shining One
Beogh
Jiyva
Lugonu


Innate Abilities, Weirdness & Mutations

You are resistant to torment.
Your stone body is resilient. (AC +4)
You are immune to poison.
You resist negative energy. (rN+)
You are resistant to electric shocks. (rElec)
You can survive without breathing.
You are immune to petrification.
You are immune to rotting.


Message History

The two-headed ogre hits you but does no damage.
You hit the two-headed ogre but do no damage.
The two-headed ogre is lightly wounded.
The two-headed ogre hits you with a giant club!!
Ouch! That really hurt!
You block the two-headed ogre's attack.
You feel much better. The two-headed ogre barely misses you.
The two-headed ogre hits you with a giant club!
You fade into invisibility!
You are very lightly contaminated with residual magic.
You slash the two-headed ogre!
The two-headed ogre is heavily wounded.
The two-headed ogre closely misses you.
The two-headed ogre hits you with a giant club!
You hit the two-headed ogre.
The two-headed ogre is heavily wounded.
The two-headed ogre hits you with a giant club!!
* * * LOW HITPOINT WARNING * * *
The two-headed ogre hits you with a giant club.
You die...

▓.▓
▓e▓
▓F▓
▓O▓
▓y▓
▓o▓
▓O▓
▓@▓
▓.▓
▓.▓
▓.▓
▓.▓
▓)▓
▓†▓
▓(▓
▓.▓


You could see 2 two-headed ogres, a deep elf mage, a vampire mosquito, a
bullfrog and an orc.

Vanquished Creatures
  A troll (D)
  A centaur (D)
  A crimson imp (D)
  2 jellies (D)
  An orc wizard (D)
  3 worker ants (D)
  An adder skeleton (D)
  An orc (D)
  A giant cockroach (D)
  A kobold (D)
  2 bats (D)
  A rat (D)
16 creatures vanquished.

Notes
Turn   | Place    | Note
-------+----------+-------------------------------------------
     0 | D        | Groucho the Gargoyle Fighter began the quest for the Orb.
     0 | D        | Reached XP level 1. HP: 14/14 MP: 1/1
     9 | D        | Reached skill level 2 in Axes
    37 | D        | Noticed a jelly
    37 | D        | Noticed a worker ant
    37 | D        | Noticed a crimson imp
    37 | D        | Noticed a worker ant
    42 | D        | Killed a worker ant
    42 | D        | Reached skill level 4 in Axes
    42 | D        | Reached skill level 5 in Armour
    42 | D        | Reached XP level 2. HP: 19/19 MP: 2/2
    42 | D        | Reached XP level 3. HP: 23/23 MP: 3/3
    48 | D        | Reached skill level 5 in Axes
    48 | D        | Reached XP level 4. HP: 19/28 MP: 4/4
    69 | D        | Reached skill level 6 in Axes
    69 | D        | Reached XP level 5. HP: 20/32 MP: 5/5
    77 | D        | Found a roughly hewn altar of Beogh.
    77 | D        | Found a snail-covered altar of Cheibriados.
    77 | D        | Found a shadowy altar of Dithmenos.
    77 | D        | Found a white marble altar of Elyvilon.
    77 | D        | Found a blossoming altar of Fedhas.
    77 | D        | Found an opulent altar of Gozag.
    78 | D        | Found a hazy altar of Hepliaklqana.
    79 | D        | Found a viscous altar of Jiyva.
    80 | D        | Found an ancient bone altar of Kikubaaqudgha.
    81 | D        | Became a worshipper of Cheibriados the Contemplative
    82 | D        | Found a corrupted altar of Lugonu.
    83 | D        | Found a burning altar of Makhleb.
    84 | D        | Found a sparkling altar of Nemelex Xobeh.
    85 | D        | Found an iron altar of Okawaru.
    88 | D        | Found a stormy altar of Qazlal.
    89 | D        | Found a sacrificial altar of Ru.
    90 | D        | Found a deep blue altar of Sif Muna.
    91 | D        | Found a bloodstained altar of Trog.
    92 | D        | Found a hide-covered altar of Uskayaw.
    93 | D        | Found a radiant altar of Vehumet.
    94 | D        | Found an ornate altar of the Wu Jian Council.
    95 | D        | Found a shimmering altar of Xom.
    96 | D        | Found a basalt altar of Yredelemnul.
    97 | D        | Found a glowing silver altar of Zin.
    98 | D        | Found a glowing golden altar of the Shining One.
   153 | D        | Noticed a troll
   153 | D        | Noticed a centaur
   165 | D        | Killed a centaur
   165 | D        | Reached skill level 7 in Axes
   165 | D        | Reached skill level 5 in Invocations
   166 | D        | Reached * piety under Cheibriados
   166 | D        | Reached skill level 8 in Axes
   166 | D        | Reached XP level 6. HP: 21/37 MP: 6/10
   185 | D        | Killed a troll
   185 | D        | Reached ** piety under Cheibriados
   185 | D        | Reached skill level 9 in Axes
   185 | D        | Reached XP level 7. HP: 31/41 MP: 8/13
   212 | D        | Noticed a deep elf mage
   212 | D        | Noticed a two-headed ogre
   212 | D        | Noticed a vampire mosquito
   212 | D        | Noticed a two-headed ogre
   219 | D        | HP: 2/41 [two-headed ogre/giant club (18)]
   219 | D        | Slain by a two-headed ogre

Skill      XL: |  1  2  3  4  5  6 |
---------------+-------------------+-----
Axes           | 4 5 6 8 9 |  9.8
Armour         | 5 7 8 |  8.0
Invocations    | 5 8 |  8.9
Fighting       | |  3.2
Shields        | |  3.2

Action                   |  1- 3 |  4- 6 |  7- 9 || total
-------------------------+-------+-------+-------++-------
Melee: War axe           |    33 |    43 |     6 ||    82
  Use: Potion            |       |     2 |     2 ||     4
Armor: Scale mail        |    18 |    36 |     2 ||    56
Dodge: Dodged            |    23 |     6 |     3 ||    32
Block: Shield            |    23 |    19 |     2 ||    44
